 Dungeon Crawl Stone Soup version 0.20.0-8-g6b59dc7 (webtiles) character file.

101 Hasart the Ducker (level 4, 0/31 HPs)
             Began as an Octopode Fighter on June 2, 2017.
             Killed by divine providence
             ... invoked by an orc priest
              (11 damage)
             ... on level 3 of the Dungeon.
             The game lasted 00:03:17 (2059 turns).

Hasart the Ducker (Octopode Fighter)                Turns: 2059, Time: 00:03:18

Health: 0/31       AC:  1    Str: 16    XL:     4   Next: 75%
Magic:  4/4        EV: 12    Int: 10    God:
Gold:   122        SH:  9    Dex: 11    Spells: 3/3 levels left

rFire    . . .     SeeInvis .   t - +1 hand axe (chop)
rCold    . . .     Gourm    .   b - +0 shield
rNeg     . . .     Faith    .   (helmet restricted)
rPois    .         Spirit   .   (no amulet)
rElec    .         Reflect  .   (no ring)
rCorr    .         Harm     .   (no ring)
MR       .....                  (no ring)
Stlth    +++.......             (no ring)
Regen    0.1/turn               (no ring)
MPRegen  0.1/turn               (no ring)
                                (no ring)
                                (no ring)

@: no status effects
A: almost no armour, stealthy swim, amphibious, 8 rings, constrict 8, camouflage
1, gelatinous body 1
a: no special abilities


You were on level 3 of the Dungeon.
You were hungry.

You visited 1 branch of the dungeon, and saw 3 of its levels.

You collected 122 gold pieces.

Inventory:

Hand Weapons
 a - a +0 flail
 t - a +1 hand axe of chopping (weapon)
Armour
 b - a +0 shield (worn)
Jewellery
 r - a cursed amulet of inaccuracy {unknown}
Scrolls
 e - 6 scrolls of identify {unknown}
 f - 3 scrolls of enchant armour {unknown}
 h - 2 scrolls of enchant weapon {unknown}
 j - a scroll of teleportation {unknown}
 k - a scroll of random uselessness {unknown}
 l - 2 scrolls of blinking {unknown}
 o - a scroll of recharging {unknown}
Potions
 c - a potion of might
 g - 3 potions of heal wounds {unknown}
 m - a potion of ambrosia {unknown}
 n - a potion of haste {unknown}
 q - 3 potions of curing {unknown}
Comestibles
 d - 4 bread rations
 i - 4 royal jellies
 p - a meat ration
 s - 4 fruits


   Skills:
 + Level 3.3 Fighting
 * Level 3.1 Maces & Flails
 + Level 3.5 Dodging
 + Level 2.4 Stealth
 + Level 3.4 Shields


You had 3 spell levels left.
You didn't know any spells.

Dungeon Overview and Level Annotations

Branches:
Dungeon (3/15)

Altars:


Innate Abilities, Weirdness & Mutations

You cannot wear most types of armour.
You are very stealthy in the water. (Stealth+)
You are amphibious.
You can wear up to eight rings at the same time.
You can use your tentacles to constrict eight enemies at once.
Your skin changes colour to match your surroundings (Stealth+).
Your rubbery body absorbs attacks. (AC +1, EV +1)


Message History

Items here: )) [ †† a club; a chain mail; a flail; an orc corpse x2
You hit the orc. You grab the orc.
The orc is almost dead.
You constrict the orc.
You kill the orc!
The orc priest begins to cast a cantrip, but forgets the words!
You see here a club.
You hit the orc priest but do no damage.
You grab the orc priest.
You constrict the orc priest, but do no damage.
The orc priest closely misses you.
You hit the orc priest but do no damage.
You constrict the orc priest, but do no damage.
You block the orc priest's attack.
Your shield prevents you from hitting the orc priest.
You constrict the orc priest.
The orc priest mumbles some strange prayers to Beogh against you.
Beogh smites you!
You die...

#.....(....##########.###########
######.##### #.##.........
#.######## #.#...#######
#........# #.....#.##
##.......#########....#.##
#.#####.............###.### #.#
#.######.......#..... ..#
#.#######.#####.##### ##.#
#..o@)....# ### #.# #.#########
#.. ...# ## #####


You could see an orc priest.

Vanquished Creatures
  A worker ant (D:3)
  An adder (D:3)
  A worm (D:2)
  4 dart slugs
  3 leopard geckos
  3 orcs (D:3)
  2 ball pythons
  6 giant cockroaches
  7 hobgoblins
  4 jackals (D:3)
  A quokka (D:3)
  3 bats
  2 frilled lizards (D:2)
  3 goblins
  6 kobolds
  4 rats
51 creatures vanquished.

Notes
Turn   | Place    | Note
-------+----------+-------------------------------------------
     0 | D:1      | Hasart the Octopode Fighter began the quest for the Orb.
     0 | D:1      | Reached XP level 1. HP: 16/16 MP: 1/1
   247 | D:1      | Reached XP level 2. HP: 21/21 MP: 2/2
   252 | D:1      | Reached skill level 1 in Stealth
   770 | D:2      | Reached XP level 3. HP: 24/26 MP: 3/3
  1707 | D:3      | Reached XP level 4. HP: 30/31 MP: 4/4
  2059 | D:3      | Killed from afar by an orc priest

Skill      XL: |  1  2  3  4 |
---------------+-------------+-----
Stealth        | 1 2 |  2.4
Maces & Flails | 3 |  3.1
Fighting       | |  3.3
Dodging        | |  3.5
Shields        | |  3.4

Action                   |  1- 3 |  4- 6 || total
-------------------------+-------+-------++-------
Melee: Flail             |    65 |    17 ||    82
       Constrict         |    20 |     9 ||    29
       Tentacles         |    10 |     6 ||    16
       Hand axe          |       |     8 ||     8
 Stab: Sleeping          |    10 |     1 ||    11
       Distracted        |       |     1 ||     1
  Eat: Chunk             |     2 |     1 ||     3
Armor: Skin              |     5 |       ||     5
Dodge: Dodged            |    30 |    19 ||    49
Block: Shield            |    17 |    14 ||    31
